 Dungeon Crawl Stone Soup version 0.13.0-18-g7b03ea5 (webtiles) character file.

562 Ragg the Ruffian (level 6, -6/61 HPs)
             Began as a Troll Monk on Oct 23, 2013.
             Was a Believer of Okawaru.
             Mangled by an ogre
             ... wielding a +0,+0 giant club
              (16 damage)
             ... on Level 4 of the Dungeon.
             The game lasted 00:11:22 (2199 turns).

Ragg the Ruffian (Troll Monk)                       Turns: 2199, Time: 00:11:26

HP  -6/61        AC  5     Str 20      XL: 6   Next: 51%
MP   0/2         EV 14     Int  6      God: Okawaru [**....]
Gold 170         SH  0     Dex 14      Spells:  0 memorised,  5 levels left

Res.Fire  : . . .   See Invis. : .     - Unarmed
Res.Cold  : . . .   Warding    : .   a - +0 robe
Life Prot.: . . .   Conserve   : .   (shield restricted)
Res.Poison: .       Res.Corr.  : .   (helmet restricted)
Res.Elec. : .       Clarity    : .   (no cloak)
Sust.Abil.: . .     Spirit.Shd : .   (gloves unavailable)
Res.Mut.  : .       Stasis     : .   (boots unavailable)
Res.Rott. : .       Flight     : .   (no amulet)
Gourmand  : +                        (no ring)
                                     (no ring)

@: heroism, slightly resistant to hostile enchantments, stealthy
A: unfitting armour, claws 3, fast metabolism 3, gourmand, regeneration 2,
saprovore 2, tough skin 2, AC +1
a: Heroism, Renounce Religion


You were on level 4 of the Dungeon.
You worshipped Okawaru.
Okawaru was pleased with you.
You were very full.

You visited 1 branch of the dungeon, and saw 4 of its levels.

You collected 170 gold pieces.

Inventory:

Armour
 a - a +0 robe (worn)
Magical devices
 w - a wand of cold (4)
Comestibles
 b - 5 meat rations
 m - a slice of pizza
 p - a choko
 q - a bread ration
 t - 8 grapes
 z - 3 chunks of gnoll flesh
Scrolls
 c - a scroll of remove curse {unknown}
 d - a scroll of blinking {unknown}
 h - a scroll of curse jewellery {unknown}
 j - 3 scrolls of curse weapon {unknown}
 k - 2 scrolls of enchant armour {unknown}
 l - 3 scrolls of teleportation {unknown}
 n - a scroll of amnesia {unknown}
 s - a scroll of enchant weapon I {unknown}
 v - a scroll of fog {unknown}
 x - 5 scrolls of identify {unknown}
Potions
 e - a potion of cure mutation {unknown}
 f - 3 potions of curing {unknown}
 g - a potion of resistance {unknown}
 i - a potion of speed {unknown}
 o - 2 potions of heal wounds {unknown}
 r - a potion of berserk rage {unknown}
 D - a potion of slowing {unknown}
Books
 u - a book of Callings

   Spells                             Type                      Level
   Summon Small Mammal                Summoning                    1
   Call Imp                           Summoning                    2
   Call Canine Familiar               Summoning                    3
   Summon Scorpions                   Summoning/Poison             4
   Summon Ice Beast                   Ice/Summoning                4


   Skills:
 + Level 4.0(9.0) Fighting
 + Level 3.8(8.8) Dodging
 - Level 1.1(6.1) Stealth
 + Level 5.8(10.8) Unarmed Combat


You had 5 spell levels left.
You didn't know any spells.

Dungeon Overview and Level Annotations

Branches:
Dungeon (4/27)
 Temple: D:4-7

Altars:
Nemelex Xobeh
Okawaru
Vehumet
Xom


Innate Abilities, Weirdness & Mutations

You are too large for most types of armour.
You have claws for hands.
Your metabolism is lightning-fast.
You like to eat raw meat.
You heal very quickly.
You can eat rotten meat.
You are covered in fur (AC +1).
You have very tough skin (AC +2).


Message History

The gnoll hits you from afar with a spear.
The gnoll shaman closely misses you. The gnoll barely misses you.
The gnoll hits you from afar with a spear.
You barely miss the gnoll shaman. You claw the gnoll shaman!
You kill the gnoll shaman!
Okawaru accepts your kill.
Your Fighting skill increases to level 4!
The gnoll closely misses you. The gnoll misses you.
The gnoll closely misses you.
The gnoll hits you from afar with a spear!
* * * LOW HITPOINT WARNING * * *
Things that are here:
a whip; a robe; a gnoll corpse Use which ability? (? or * to list)
You gain the combat prowess of a mighty hero.
You feel slightly less full.
The gnoll hits you from afar with a spear.
* * * LOW HITPOINT WARNING * * *
The gnoll barely misses you. The ogre hits you with a giant club!
You die...

#..(....................
##.####..####..########.
###+####.# #..# #..# #.
#........# #(.# #..# #.
#.......## #..# #..# #.
+..8....# #..# #..# #.
#.......#####..####..#
#.
#.....................
###+###......@........
#######gO####### #g.#
#).# #..# #..# ....
..... .####


You could see an ogre and 2 gnolls.

Vanquished Creatures
  4 crimson imps (D:3)
  A gnoll shaman (D:4)
  2 worker ants (D:4)
  Terence (D:3)
  4 gnolls (D:4)
  A giant mite (D:3)
  4 adders
  A giant eyeball (D:4)
  A giant gecko (D:2)
  3 orcs (D:3)
  A ball python (D:1)
  11 hobgoblins
  7 jackals
  A quokka (D:3)
  11 bats
  3 giant cockroaches (D:2)
  5 giant newts
  6 goblins
  8 kobolds
  5 rats
  A rat skeleton (D:4)
81 creatures vanquished.

Notes
Turn   | Place    | Note
--------------------------------------------------------------
     0 | D:1      | Ragg, the Troll Monk, began the quest for the Orb.
     0 | D:1      | Reached XP level 1. HP: 20/20 MP: 0/0
   193 | D:1      | Reached XP level 2. HP: 28/28 MP: 0/0
   678 | D:2      | Found a sparkling altar of Nemelex Xobeh.
   722 | D:2      | Found a radiant altar of Vehumet.
   796 | D:2      | Reached XP level 3. HP: 36/36 MP: 1/1
  1343 | D:3      | Found an iron altar of Okawaru.
  1355 | D:3      | Reached XP level 4. HP: 42/44 MP: 1/1
  1379 | D:3      | Found a shimmering altar of Xom.
  1499 | D:3      | Noticed Terence
  1506 | D:3      | Killed Terence
  1550 | D:3      | Reached skill level 5 in Unarmed Combat
  1601 | D:3      | Reached XP level 5. HP: 43/52 MP: 1/1
  1709 | D:3      | Found an iron altar of Okawaru.
  1763 | D:3      | Became a worshipper of Warmaster Okawaru
  1763 | D:3      | Acquired Okawaru's first power
  1989 | D:4      | Reached XP level 6. HP: 54/59 MP: 2/2
  2037 | D:4      | Paralysed by a giant eyeball for 4 turns
  2043 | D:4      | Paralysed by a giant eyeball for 2 turns
  2191 | D:4      | Noticed an ogre
  2199 | D:4      | Mangled by an ogre

Action                   |  1- 3 |  4- 6 || total
-------------------------+-------+-------++-------
Melee: Unarmed           |   110 |    99 ||   209
Invok: Heroism           |       |     1 ||     1
 Stab: Sleeping          |     2 |       ||     2
